 Dungeon Crawl Stone Soup version 0.31-a0-219-g8d62b2e7bb (webtiles) character file.

Game seed: 6868738849254310606

5502 quinnr the Destroyer (level 10, -5/49 HPs)
             Began as a Vine Stalker Air Elementalist on July 3, 2023.
             Was a High Priest of Sif Muna.
             Slain by Prince Ribbit (12 damage)
             ... on level 9 of the Dungeon.
             The game lasted 00:31:27 (11315 turns).

quinnr the Destroyer (VSAE)                        Turns: 11315, Time: 00:31:28

Health: -5/49      AC:  8    Str: 11    XL:     10   Next: 70%
Magic:  0/27       EV: 18    Int: 19    God:    Sif Muna [*****.]
Gold:   652        SH:  0    Dex: 15    Spells: 4/19 levels left

rFire   . . .        p - +1 rapier (venom)
rCold   . . .        (no shield)
rNeg    . . .        b - +2 robe of the Pleiades {Slay+3}
rPois   .            l - +1 helmet
rElec   .            z - +0 cloak
rCorr   .            a - +0 pair of gloves
SInv    .            (no boots)
Will    ++...        q - amulet of faith {!P}
Stlth   ++           M - ring of magical power
HPRegen 1.08/turn    E - +5 ring of evasion
MPRegen 0.20/turn

%: guardian spirit, faith
@: enlightened, flying
A: fangs 3, regeneration 1, magic shield, antimagic bite, no potion heal 2
a: Renounce Religion, Channel Magic, Forget Spell, Divine Exegesis


You were on level 9 of the Dungeon.
You worshipped Sif Muna.
Sif Muna was extremely pleased with you.
You visited 2 branches of the dungeon, and saw 10 of its levels.
You also visited: Sewer and Ossuary.

You collected 652 gold pieces.


Innate Abilities, Weirdness & Mutations

You have razor-sharp teeth.
Your natural rate of healing is unusually fast.
When hurt, damage is shared between your health and your magic reserves.
Your bite disrupts and absorbs the magic of your enemies.
Potions cannot restore your health.


   Skills:
 - Level 3.0 Fighting
 + Level 3.9 Dodging
 - Level 2.4 Stealth
 - Level 5.0 Spellcasting
 + Level 10.7 Conjurations
 + Level 2.9 Ice Magic
 - Level 5.6 Air Magic
 - Level 5.0 Earth Magic
 - Level 4.0 Invocations


You had 4 spell levels left.
You knew the following spells:

 Your Spells              Type           Power      Damage    Failure   Level
b - Iskenderun's Battles  Conj           45%        2d10      4%          5
i - Swiftness             Air            26%        N/A       3%          3
w - Stone Arrow           Conj/Erth      68%        3d11      1%          3
z - Shock                 Conj/Air       100%       1d9       1%          1
X - Hailstorm             Conj/Ice       30%        3d8       2%          3

Your spell library contained the following spells:

 Spells                   Type           Power      Damage    Failure   Level
 Static Discharge         Conj/Air       70%        2-5/arc   1%          2
 Frozen Ramparts          Ice            32%        1d5       11%         3
 Airstrike                Air            13%        2d(2-18)  12%         4
 Blink                    Tloc           8%         N/A       19%         2
 Volatile Blastmotes      Fire/Tloc      8%         2d10      36%         3
 Animate Armour           Summ/Erth      28%        N/A       41%         4
 Manifold Assault         Tloc           4%         N/A       77%         4
 Fireball                 Conj/Fire      12%        3d7       36%         5
 Leda's Unmaking          Conj/Erth      17%        9d3       58%         6
 Spellforged Servitor     Conj/Summ      12%        N/A       100%        7
 Storm Form               Tmut/Air       7%         N/A       100%        7
 Lehudib's Crystal Spear  Conj/Erth      17%        10d5      100%        8

Inventory:

Hand Weapons
 p - a +1 rapier of venom (weapon)
 x - a +4 short sword of venom
Armour
 a - a +0 pair of gloves (worn)
 b - the +2 robe of the Pleiades (worn) {Slay+3}
   (You found it on level 6 of the Dungeon)

   Slay:      It affects your accuracy & damage with ranged weapons and melee
   (+3).
 l - a +1 helmet (worn)
 z - a +0 cloak (worn)
Magical Staves
 d - a staff of conjuration {!a}
 i - a staff of poison {!a}
Jewellery
 q - an amulet of faith (around neck) {!P}
 C - a ring of protection from cold
 E - a +5 ring of evasion (right hand)
 M - a ring of magical power (left hand)
Wands
 n - a wand of paralysis (17)
 r - a wand of polymorph (17)
 y - a wand of acid (9)
Scrolls
 c - a scroll of summoning
 f - 5 scrolls of teleportation {@r2}
 j - a scroll of blinking
 s - a scroll of revelation {unknown}
 t - a scroll of enchant weapon
 v - a scroll of vulnerability
Potions
 e - 2 potions of berserk rage {!q}
 g - 9 potions of curing {unknown}
 k - 2 potions of attraction
 m - 2 potions of might
 o - 3 potions of mutation
 u - a potion of enlightenment
Miscellaneous
 h - a piece from Xom's chessboard (15/15)

Dungeon Overview and Level Annotations

Branches:
Dungeon (9/15)             Temple (1/1) D:4           Sewer (visited)
Ossuary (visited)
   Lair: D:8-11         Orc: D:9-12

Altars:
Ashenzari
Cheibriados
Dithmenos
Elyvilon
Fedhas
Gozag
Hepliaklqana
Kikubaaqudgha
Makhleb
Nemelex Xobeh
Okawaru
Qazlal
Ru
Sif Muna
Trog
Uskayaw
Vehumet
Xom
Yredelemnul
Zin
The Shining One

Shops:
D:8 =

Annotations:
D:1 1 transporter
D:3 Robin
D:9 Prince Ribbit

#... #......#...
#...##...[..#...
#...........#...
#...........#...
#......†....#...
#.....<.....'...
######+######...
♣♣....##+##§#.........#...
♣♣.....#§✱@§§#.........#...
~......#§F§§§#.........#...
F......#§§§..#.........#...
......c#.....#.........#...
.......#.....'....[....#...
.......#F###.#.........####
#.....############....
#.....# #.... #.....#
##....


You could see Prince Ribbit and a friendly battlesphere.


Message History

Prince Ribbit closely misses you.
The centaur warrior shoots an arrow.
The arrow hits you!
* * * LOW HITPOINT WARNING * * *
Unknown command.
Unknown command.
Unknown command.
Okay, then.
Okay, then.
Blink to where?
Press: ? - help, Dir - move target
As you read the scroll of blinking, it crumbles to dust.
The centaur warrior shoots an arrow.
The arrow barely misses your battlesphere.
The arrow closely misses you.
Unknown command.
Unknown command.
It was a potion of enlightenment.
You feel very buoyant.
You fly up into the air.
The centaur warrior shoots an arrow.
The arrow barely misses your battlesphere.
The arrow hits you!
* * * LOW HITPOINT WARNING * * *
Casting: Hailstorm (dangerous; 2% risk of failure)
Confirm with . or Enter, or press ? or * to list all spells.
Okay, then.
Unknown command.
As you read the scroll of fog, it dissolves into smoke.
Prince Ribbit hops awkwardly around.
Prince Ribbit hits you!
You die...

Skill      XL: |  1  2  3  4  5  6  7  8  9 10 |
---------------+-------------------------------+-----
Air Magic      | 4 5 |  5.6
Conjurations   | 2 3 5 6 10 | 10.7
Spellcasting   | 3 4 5 |  5.0
Earth Magic    | 1 2 3 5 |  5.0
Fighting       | 1 2 3 |  3.0
Dodging        | 2 3 |  3.9
Invocations    | 3 4 |  4.0
Ice Magic      | 2 |  2.9
Stealth        | |  2.4

Action                     |  1- 3 |  4- 6 |  7- 9 | 10-12 || total
---------------------------+-------+-------+-------+-------++-------
  Melee: Unarmed           |    11 |       |       |       ||    11
         Bite              |     6 |       |     4 |     5 ||    15
         Staff             |     4 |       |    28 |    13 ||    45
         Rapier            |       |       |       |     2 ||     2
         Punch             |       |       |       |     1 ||     1
   Cast: Shock             |    65 |   114 |   280 |    11 ||   470
         Swiftness         |       |     1 |       |       ||     1
         Stone Arrow       |       |     4 |    85 |    39 ||   128
         Iskenderun's Batt |       |       |       |     4 ||     4
         Hailstorm         |       |       |       |     1 ||     1
 Invoke: Channel Magic     |       |       |     1 |       ||     1
  Evoke: Wand              |       |       |       |     3 ||     3
    Use: Potion            |       |     1 |     1 |     1 ||     3
         Scroll            |       |     1 |    13 |     4 ||    18
   Stab: Paralysed         |       |       |       |     7 ||     7
 Armour: Robe              |     6 |     1 |    24 |     9 ||    40
         Skin              |       |       |    10 |       ||    10
  Dodge: Dodged            |    32 |     8 |   106 |    48 ||   194

Levels and vault maps discovered:
D:1:      spicycebolla_arrival_transporter_tutorial, layout_rooms
D:2:      layout_basic, basic_altar, ebering_ecumenical_altar_sacrificial
D:3:      layout_basic, mainiacjoe_overflow_paths, grunt_temple_overflow_open,
          nicolae_ashenzari_panopticon, uniq_sigmund, uniq_robin
D:4:      layout_loops_corners, minmay_temple_entry_glassed_door
D:5:      layout_cave_pools
D:6:      layout_rooms, gup_sewer_entry_pipe, hangedman_decor_peaks_small
D:7:      wander_river, layout_rooms, enter_ossuary_2
D:8:      nicolae_cairo_tiling_very_big, layout_basic,
          minmay_shop_enchanted_jewellery, uniq_grum, uniq_prince_ribbit1,
          uniq_maurice
D:9:      layout_gridville, general_overflow_altar,
          mainiacjoe_overflow_concentric_impassable, dpeg_oklobed_lair,
          serial_bayou, serial_bayou_pond_e, serial_bayou_lagoon_b,
          serial_bayou_lake_a, serial_shops, shop, uniq_maggie, uniq_psyche
Temple:   jpeg_temple_clearing

Notes
Turn   | Place    | Note
-------+----------+-------------------------------------------
     0 | D:1      | quinnr the Vine Stalker Air Elementalist began the quest
                  | for the Orb.
     0 | D:1      | Reached XP level 1. HP: 9/9 MP: 4/4
   237 | D:1      | Reached XP level 2. HP: 8/13 MP: 0/6
   653 | D:1      | Reached skill level 4 in Air Magic
   742 | D:1      | Reached XP level 3. HP: 16/16 MP: 0/7
  1036 | D:2      | Found a faded altar of an unknown god.
  1225 | D:2      | Reached skill level 2 in Conjurations
  1225 | D:2      | Gained mutation: Your natural rate of healing is unusually
                  | fast. [Vine Stalker growth]
  1225 | D:2      | Reached XP level 4. HP: 20/21 MP: 5/8
  1690 | D:2      | Found a burning altar of Makhleb.
  1949 | D:3      | Reached skill level 5 in Air Magic
  1949 | D:3      | Reached XP level 5. HP: 24/24 MP: 3/10
  2024 | D:3      | Reached skill level 3 in Spellcasting
  2224 | D:4      | Learned a level 3 spell: Swiftness
  2288 | D:4      | Noticed a phantom
  2494 | D:3      | Learned a level 3 spell: Stone Arrow
  2563 | D:3      | Noticed Sigmund
  2652 | D:3      | Killed Sigmund
  2653 | D:3      | Reached skill level 3 in Conjurations
  2653 | D:3      | Reached skill level 1 in Earth Magic
  2653 | D:3      | Reached XP level 6. HP: 28/28 MP: 6/12
  2919 | D:3      | Found a broken altar of Ashenzari.
  2942 | D:3      | Found a glowing silver altar of Zin.
  2942 | D:3      | Found a sparkling altar of Nemelex Xobeh.
  2944 | D:3      | Found an opulent altar of Gozag.
  2946 | D:3      | Found a shadowy altar of Dithmenos.
  2952 | D:3      | Found a sacrificial altar of Ru.
  2953 | D:3      | Found a shimmering altar of Xom.
  2954 | D:3      | Found a bloodstained altar of Trog.
  3015 | D:3      | Found a hide-covered altar of Uskayaw.
  3044 | D:3      | Noticed Robin
  3417 | D:3      | Reached skill level 2 in Earth Magic
  3417 | D:3      | Reached XP level 7. HP: 32/32 MP: 5/13
  3520 | D:4      | Found a staircase to the Ecumenical Temple.
  3533 | Temple   | Entered the Ecumenical Temple
  3657 | Temple   | Became a worshipper of Sif Muna the Loreminder
  3935 | D:4      | Reached skill level 4 in Conjurations
  3988 | D:4      | Reached skill level 4 in Spellcasting
  4455 | D:4      | Learned a level 5 spell: Iskenderun's Battlesphere
  5005 | D:5      | Entered Level 5 of the Dungeon
  5050 | D:5      | Reached skill level 5 in Conjurations
  5050 | D:5      | Reached skill level 3 in Earth Magic
  5189 | D:5      | Gained mutation: You have razor-sharp teeth. [Vine Stalker
                  | growth]
  5189 | D:5      | Reached XP level 8. HP: 36/36 MP: 9/15
  5641 | D:5      | Reached skill level 6 in Conjurations
  5641 | D:5      | Reached skill level 4 in Earth Magic
  5934 | D:6      | Reached skill level 5 in Earth Magic
  5965 | D:6      | Reached * piety under Sif Muna
  5971 | D:6      | Reached skill level 1 in Fighting
  5971 | D:6      | Reached skill level 2 in Dodging
  5981 | D:6      | Reached skill level 1 in Invocations
  6032 | D:6      | Identified the +2 robe of the Pleiades {Slay+3}
  6071 | D:6      | Reached skill level 2 in Invocations
  6125 | D:6      | Found a glowing drain.
  6131 | Sewer    | Entered a sewer
  6464 | Sewer    | Reached ** piety under Sif Muna
  6872 | Sewer    | Reached skill level 3 in Invocations
  6872 | Sewer    | Reached XP level 9. HP: 32/41 MP: 5/16
  6885 | Sewer    | Reached skill level 7 in Conjurations
  7325 | D:6      | Reached *** piety under Sif Muna
  7402 | D:6      | Reached skill level 4 in Invocations
  7973 | D:7      | Reached skill level 8 in Conjurations
  8236 | D:7      | Found a sand-covered staircase.
  8241 | Ossuary  | Entered an ossuary
  8358 | Ossuary  | Reached **** piety under Sif Muna
  8528 | Ossuary  | Reached skill level 9 in Conjurations
  9243 | D:7      | Reached skill level 10 in Conjurations
  9502 | D:7      | Reached ***** piety under Sif Muna
  9654 | D:7      | Reached skill level 2 in Fighting
  9836 | D:7      | Reached XP level 10. HP: 47/47 MP: 9/17
  9923 | D:8      | Reached skill level 3 in Fighting
 10033 | D:8      | Noticed Grum
 10254 | D:8      | Killed Grum
 10341 | D:8      | Received a gift from Sif Muna
 10451 | D:8      | Got Sif Muna's Compilation of Chilly Phlogiston {god gift}
 10475 | D:8      | Learned a level 3 spell: Hailstorm
 10514 | D:8      | Noticed Maurice
 10520 | D:8      | Killed Maurice
 10521 | D:8      | Reached skill level 3 in Dodging
 10521 | D:8      | Reached skill level 1 in Ice Magic
 10690 | D:8      | Noticed Prince Ribbit
 10862 | D:8      | Found Fittimm's Jewellery Shop.
 10960 | D:8      | Reached skill level 5 in Spellcasting
 10966 | D:9      | Noticed Maggie
 10983 | D:9      | Killed Maggie
 10984 | D:9      | Reached skill level 2 in Ice Magic
 11189 | D:9      | Noticed a two-headed ogre
 11196 | D:9      | Killed a two-headed ogre
 11280 | D:9      | Found a radiant altar of Vehumet.
 11305 | D:9      | Noticed a centaur warrior
 11312 | D:9      | HP: 4/49 [centaur warrior/arrow (6)]
 11315 | D:9      | Slain by Prince Ribbit

Vanquished Creatures
  A two-headed ogre (D:9)
  Maurice (D:8)
  Maggie (D:9)
  Sigmund (D:3)
  Grum (D:8)
  2 steam dragons
  A water moccasin (D:7)
  An ice beast (D:7)
  An orc warrior (D:8)
  An ogre (D:3)
  2 phantoms
  4 wolves
  2 kobold brigands (D:7)
  3 bullfrogs
  3 scorpions
  5 water moccasin zombies (Ossuary)
  7 wights
  13 killer bees
  2 howler monkeys
  6 hounds
  A jelly (D:6)
  3 orc priests
  An iguana (D:5)
  2 sleepcaps
  5 orc wizards
  2 mummies (Ossuary)
  3 gnolls
  13 adders
  A shadow imp (D:5)
  2 white imps (D:4)
  8 adder zombies (Ossuary)
  A worm (D:4)
  2 dart slugs (D:1)
  22 orcs
  4 bats
  10 endoplasms
  17 giant cockroaches
  2 gnoll zombies (Ossuary)
  12 hobgoblins
  6 jackals
  19 kobolds
  21 quokkas
  20 ball pythons
  7 frilled lizards
  12 goblins
  4 hobgoblin zombies (Ossuary)
  4 kobold zombies (Ossuary)
  9 orc zombies (Ossuary)
  8 rats
279 creatures vanquished.

Vanquished Creatures (collateral kills)
  An ice beast (D:6)
  A bullfrog (D:6)
  An orc wizard (D:6)
  An orc (D:6)
4 creatures vanquished.

Grand Total: 283 creatures vanquished

Table legend: (Time is in decaauts)
 A = Elapsed time spent in this place.
 B = Non-inter-level travel time spent in this place.
 C = Inter-level travel time spent in this place.
 D = Time resting spent in this place.
 E = Time spent auto-exploring this place.
 F = Levels seen in this place.
 G = Mean time per level.
                   A        B        C        D        E       F      G
               +--------+--------+--------+--------+--------+-----+--------+
         Total |  11451 |  11094 |    357 |   1206 |   7747 |  12 |  954.2 |
       Dungeon |   9549 |   9208 |    341 |    945 |   6443 |   9 | 1061.0 |
        Temple |    378 |    362 |     16 |    175 |    157 |   1 |  378.0 |
         Sewer |    946 |    946 |      0 |     86 |    692 |   1 |  946.0 |
       Ossuary |    576 |    576 |      0 |      0 |    455 |   1 |  576.0 |
               +--------+--------+--------+--------+--------+-----+--------+

Top non-repeatable levels by time:
     D:4: 1406 daAuts
     D:3: 1346 daAuts
     D:6: 1317 daAuts
     D:7: 1314 daAuts
     D:5: 993 daAuts
     D:1: 989 daAuts
     D:2: 979 daAuts
   Sewer: 946 daAuts
     D:8: 870 daAuts
 Ossuary: 576 daAuts
  Temple: 378 daAuts
     D:9: 333 daAuts

Table legend:
 A = Non-vault XP
 B = Vault XP
 C = Vault XP percentage of total XP
 D = Non-vault monster count
 E = Vault monster count
 F = Vault count percentage of total count
                 A         B        C        D         E       F
            +---------+---------+-------+---------+---------+-------
      Total |    5320 |    2540 |  32.3 |     177 |     106 |  37.5
            +---------+---------+-------+---------+---------+-------
        D:1 |      44 |       0 |   0.0 |      24 |       0 |   0.0
        D:2 |      80 |       0 |   0.0 |      21 |       0 |   0.0
        D:3 |     360 |     239 |  39.9 |      24 |       9 |  27.3
        D:4 |     261 |       0 |   0.0 |      19 |       0 |   0.0
        D:5 |     555 |       0 |   0.0 |      14 |       0 |   0.0
        D:6 |    1188 |      16 |   1.3 |      26 |       8 |  23.5
        D:7 |    1171 |     119 |   9.2 |      33 |       1 |   2.9
        D:8 |     760 |     991 |  56.6 |      12 |       5 |  29.4
        D:9 |     885 |     404 |  31.3 |       2 |       1 |  33.3
     Temple |      16 |       0 |   0.0 |       2 |       0 |   0.0
      Sewer |       0 |     283 | 100.0 |       0 |      48 | 100.0
    Ossuary |       0 |     488 | 100.0 |       0 |      34 | 100.0
            +---------+---------+-------+---------+---------+-------

Levels and vault maps discovered:
D:1:      spicycebolla_arrival_transporter_tutorial, layout_rooms
D:2:      layout_basic, basic_altar, ebering_ecumenical_altar_sacrificial
D:3:      layout_basic, mainiacjoe_overflow_paths, grunt_temple_overflow_open,
          nicolae_ashenzari_panopticon, uniq_sigmund, uniq_robin
D:4:      layout_loops_corners, minmay_temple_entry_glassed_door
D:5:      layout_cave_pools
D:6:      layout_rooms, gup_sewer_entry_pipe, hangedman_decor_peaks_small
D:7:      wander_river, layout_rooms, enter_ossuary_2
D:8:      nicolae_cairo_tiling_very_big, layout_basic,
          minmay_shop_enchanted_jewellery, uniq_grum, uniq_prince_ribbit1,
          uniq_maurice
D:9:      layout_gridville, general_overflow_altar,
          mainiacjoe_overflow_concentric_impassable, dpeg_oklobed_lair,
          serial_bayou, serial_bayou_pond_e, serial_bayou_lagoon_b,
          serial_bayou_lake_a, serial_shops, shop, uniq_maggie, uniq_psyche
Temple:   jpeg_temple_clearing
